 Dungeon Crawl Stone Soup version 0.31-a0-986-g5e6e4ef867 (webtiles) character file.

Game seed: 3840546537673170566

27 mandarbmax the Shooter (level 3, -1/28 HPs)
             Began as a Barachi Hunter on Nov 11, 2023.
             Slain by an adder (3 damage)
             ... on level 2 of the Dungeon.
             The game lasted 00:00:54 (629 turns).

mandarbmax the Shooter (Barachi Hunter)              Turns: 629, Time: 00:00:54

Health: -1/28      AC:  3    Str: 11 (12) XL:     3   Next: 10%
Magic:  3/3        EV: 12    Int:  8 (9)  God:
Gold:   47         SH:  0    Dex: 14 (17) Spells: 2/2 levels left

rFire   . . .        a - +0 shortbow
rCold   . . .        (shield currently unavailable)
rNeg    . . .        c - +0 leather armour
rPois   .            (no helmet)
rElec   .            (no cloak)
rCorr   .            (no gloves)
SInv    .            (no boots)
Will    .....        (no amulet)
Stlth   +            (no ring)
HPRegen 0.24/turn    (no ring)
MPRegen 0.08/turn

%: no passive effects
@: lethally poisoned (-1 -> -9), slow
A: amphibious, slowness 1, strong legs 1, +LOS, MP-powered wands
a: Hop


You were on level 2 of the Dungeon.
You visited 1 branch of the dungeon, and saw 2 of its levels.

You collected 47 gold pieces.

Inventory:

Hand Weapons
 a - a +0 shortbow (weapon)
Armour
 c - a +0 leather armour (worn)
Scrolls
 b - a scroll of butterflies
 e - a scroll of fog {unknown}
 f - a scroll of enchant armour {unknown}
 h - a scroll of enchant weapon {unknown}


   Skills:
 - Level 2.4 Fighting
 + Level 5.0 Ranged Weapons
 - Level 2.1 Dodging
 - Level 0.8 Stealth


You had 2 spell levels left.
You didn't know any spells.
Your spell library contained the following spells:

 Spells                   Type           Power      Damage    Failure   Level
 Poisonous Vapours        Pois/Air       0%         N/A       65%         2
 Static Discharge         Conj/Air       0%         3-3/arc   65%         2
 Mephitic Cloud           Conj/Pois/Air  0%         N/A       86%         3
 Airstrike                Air            0%         2d(0-16)  99%         4
 Summon Lightning Spire   Summ/Air       0%         N/A       99%         4
 Freezing Cloud           Conj/Ice/Air   0%         6-21      100%        5


Dungeon Overview and Level Annotations

Branches:
Dungeon (2/15)

Altars:


Innate Abilities, Weirdness & Mutations

You are amphibious.
You cover ground slowly.
You can hop short distances.
You have an extended range of vision and can be seen from far away.
You expend magic power (3 MP) to strengthen your wands.


Message History

You shoot an arrow. The arrow barely misses the adder.
You feel sick. The adder bites you but does no damage. The adder bites you.
You are more poisoned.
The adder poisons you!
You shoot an arrow. The arrow hits the adder.
The adder is heavily wounded.
You feel very sick. The adder bites you. x2
You are lethally poisoned!
The adder poisons you!
You are too injured to fight recklessly!
You are too injured to fight recklessly!
You are too injured to fight recklessly!
You are too injured to fight recklessly!
You are too injured to fight recklessly!
You are too injured to fight recklessly!
You are too injured to fight recklessly!
You are too injured to fight recklessly!
You are too injured to fight recklessly!
You are too injured to fight recklessly!
You are too injured to fight recklessly!
You are too injured to fight recklessly!
You are too injured to fight recklessly!
You are too injured to fight recklessly!
You are too injured to fight recklessly!
You are too injured to fight recklessly!
You are too injured to fight recklessly!
It was a potion of degeneration.
There was something very wrong with that liquid.
You feel weakened.
You feel dopey.
You feel clumsy.
* * * LOW HITPOINT WARNING * * *
You feel very sick. The adder bites you.
* * * LOW HITPOINT WARNING * * *
It was a potion of mutation.
You feel extremely strange.
You feel your magical essence link to the dungeon's wands.
* * * LOW HITPOINT WARNING * * *
You feel very sick. The adder bites you.
You die...

#.........######
#.#########
#.##########
#...........
##..#########
##...# ##.#..#
#.###....
##@#..####
##S#.# .#.# .#.#
.#.# .#.. .# ..
..


You could see an adder.

Vanquished Creatures
  3 dart slugs (D:1)
  3 ball pythons (D:1)
  An endoplasm (D:1)
  A giant cockroach (D:1)
  A goblin (D:1)
  2 hobgoblins
  A kobold (D:1)
  2 quokkas
  2 bats (D:1)
  2 frilled lizards (D:1)
  A rat (D:1)
19 creatures vanquished.

Notes
Turn   | Place    | Note
-------+----------+-------------------------------------------
     0 | D:1      | mandarbmax the Barachi Hunter began the quest for the Orb.
     0 | D:1      | Reached XP level 1. HP: 17/17 MP: 1/1
   131 | D:1      | Reached XP level 2. HP: 23/23 MP: 2/2
   394 | D:1      | Reached XP level 3. HP: 24/28 MP: 3/3
   623 | D:2      | Reached skill level 5 in Ranged Weapons
   629 | D:2      | Gained mutation: You expend magic power (3 MP) to
                  | strengthen your wands. [potion of mutation]
   629 | D:2      | Slain by an adder

Illustrated notes

Levels and vault maps discovered:
D:1:      lightli_arrival_chessboard, layout_basic, minmay_misc_feat_iff,
          chequers_serial_rivers_micro_b, chequers_serial_rivers_room_b,
          patterned_corridor
D:2:      layout_loops_ring

Skill      XL: |  1  2  3 |
---------------+----------+-----
Ranged Weapons | 5 |  5.0
Fighting       | |  2.4
Dodging        | |  2.1
Stealth        | |  0.8

Action                     || total
---------------------------++-------
   Fire: Shortbow          ||    54
    Use: Potion            ||     2
 Armour: Leather armour    ||    19
  Dodge: Dodged            ||    11

Table legend: (Time is in decaauts)
 A = Elapsed time spent in this place.
 B = Non-inter-level travel time spent in this place.
 C = Inter-level travel time spent in this place.
 D = Time resting spent in this place.
 E = Time spent auto-exploring this place.
 F = Levels seen in this place.
 G = Mean time per level.
                   A        B        C        D        E       F      G
               +--------+--------+--------+--------+--------+-----+--------+
         Total |    741 |    657 |     84 |      0 |    554 |   2 |  370.5 |
       Dungeon |    741 |    657 |     84 |      0 |    554 |   2 |  370.5 |
               +--------+--------+--------+--------+--------+-----+--------+

Top non-repeatable levels by time:
     D:1: 693 daAuts
     D:2: 48 daAuts
